 Dungeon Crawl Stone Soup version 0.26.0-45-g9c1d065592 (webtiles) character file.

Game seed: 7514732452501393029

2569 hawla the Destroyer (level 9, 0/64 HPs)
             Began as a Black Draconian Conjurer on Jan 31, 2021.
             Was an Initiate of Gozag.
             Slain by a warg (15 damage)
             ... on level 9 of the Dungeon.
             The game lasted 00:19:29 (7635 turns).

hawla the Destroyer (Black Draconian Conjurer)      Turns: 7635, Time: 00:19:31

Health: 0/64       AC:  8    Str:  9    XL:     9   Next: 31%
Magic:  19/19      EV: 12    Int: 23    God:    Gozag
Gold:   328        SH:  0    Dex:  9    Spells: 14/21 levels left

rFire    . . .     SeeInvis .   c - +3 mace (protect)
rCold    . . .     Faith    .   (no shield)
rNeg     . . .     Spirit   .   (armour unavailable)
rPois    .         Reflect  .   (helmet restricted)
rElec    +         Harm     .   (no cloak)
rCorr    .         Rampage  .   (no gloves)
Will     .....                  i - +0 pair of boots
Stlth    ++........             (no amulet)
HPRegen  0.20/turn              (no ring)
MPRegen  0.16/turn              (no ring)

@: about to teleport
A: breathe lightning, unfitting armour, electricity resistance, cold-blooded, AC
+7
a: Breathe Lightning, Renounce Religion, Potion Petition, Call Merchant, Bribe
Branch


You were on level 9 of the Dungeon.
You worshipped Gozag.
Gozag was aware of your devotion.
You visited 2 branches of the dungeon, and saw 9 of its levels.

You collected 424 gold pieces.
You paid 96 gold pieces to Gozag.

Inventory:

Hand Weapons
 c - a +3 mace of protection (weapon)
Missiles
 b - 26 poisoned darts
Armour
 i - a +0 pair of boots (worn)
Jewellery
 x - an uncursed ring of protection from fire
Wands
 s - a wand of iceblast (9)
Scrolls
 a - a scroll of magic mapping
 d - 4 scrolls of teleportation
 j - a scroll of fog
 l - 4 scrolls of remove curse
 q - a scroll of enchant weapon
 t - a scroll of blinking
Potions
 e - 2 potions of haste {unknown}
 f - a potion of cancellation
 g - 5 potions of lignification
 h - 3 potions of heal wounds {unknown}
 k - 2 potions of berserk rage
 m - 3 potions of curing
 n - a potion of brilliance {unknown}
 p - 5 potions of mutation {unknown}
 z - a potion of flight {unknown}


   Skills:
 - Level 1.0 Fighting
 + Level 4.7 Staves
 - Level 1.0 Throwing
 - Level 1.7 Dodging
 - Level 1.7 Stealth
 - Level 1.0 Shields
 * Level 6.9 Spellcasting
 * Level 8.2 Conjurations
 - Level 2.0 Translocations
 - Level 1.0 Transmutations
 + Level 4.6 Air Magic
 - Level 2.0 Evocations


You had 14 spell levels left.
You knew the following spells:

 Your Spells              Type           Power        Failure   Level
a - Magic Dart            Conj           100%         1%          1
b - Searing Ray           Conj           90%          1%          2
c - Iskenderun's Mystic   Conj/Tloc      31%          10%         4

Your spell library contained the following spells:

 Spells                   Type           Power        Failure   Level
 Dazzling Flash           Conj/Hex       52%          4%          3
 Fulminant Prism          Conj/Hex       13%          14%         4


Dungeon Overview and Level Annotations

Branches:
Dungeon (7/15)             Temple (1/1) D:6             Orc (0/2) D:9

Altars:
Cheibriados
Dithmenos
Fedhas
Gozag
Hepliaklqana
Makhleb
Nemelex Xobeh
Okawaru
Qazlal
Ru
Sif Muna
Trog
Uskayaw
Wu Jian
Xom
Yredelemnul
Zin
The Shining One

Shops:
D:4 =([?=


Innate Abilities, Weirdness & Mutations

You can breathe wild blasts of lightning.
Your glossy black scales are hard. (AC +7)
You cannot fit into any form of body armour.
You are resistant to electric shocks. (rElec)
You are cold-blooded and may be slowed by cold attacks.


Message History

The orc hits you with a +0 hand axe!
A jackal comes into view.
As you read the scroll of teleportation, it crumbles to dust.
You feel strangely unstable. The orc barely misses you.
The jackal moves out of view.
As you read the scroll of fog, it crumbles to dust.
The scroll dissolves into smoke.
A jackal comes into view.
The warg bites you! x2; The warg bites you.
* * * LOW HITPOINT WARNING * * *
The orc priest hits you with a +0 flail.
* * * LOW HITPOINT WARNING * * *
The warg bites you!
* * * LOW HITPOINT WARNING * * *
You feel better. The killer bee closely misses you.
The orc hits you with a +0 hand axe.
* * * LOW HITPOINT WARNING * * *
The warg misses you. x2; The warg bites you!
You die...
Your body crumbles into a pile of gold.

##... .h#
##########......
.oh#
#...............
#o.#
#.##......#.....
#h.##.##.....#...>.
#..#.##...^#......
#.o§#§.......#
#ohoh.......#
#§@hBgog....#
#yh#####....# #§§y#
##....... #..#.#
##.§..... $ #..#.#
.g..... #..#.#
..g...) #. ..#
....### ## .y.
g..##


You could see 4 wargs, an orc warrior, a worker ant, 3 killer bees, an orc
priest, 2 gnolls, 4 orcs and 3 jackals.

Vanquished Creatures
  Grinder (D:6)
  Sigmund (D:5)
  Menkaure (D:4)
  A water moccasin (D:7)
  3 ogres
  2 ice beasts (D:6)
  A necrophage (D:7)
  A phantom (D:5)
  2 centaurs
  2 bullfrogs (D:7)
  3 wights (D:7)
  5 howler monkeys
  A quasit (D:5)
  A bullfrog zombie (D:5)
  2 hounds (D:5)
  A bullfrog skeleton (D:4)
  Terence (D:2)
  Jessica (D:2)
  Ijyb (D:4)
  An orc wizard (D:6)
  3 worker ants
  Natasha (thrice) (D:4)
  A hound skeleton (D:6)
  Robin (D:2)
  13 gnolls
  A howler monkey skeleton (D:5)
  7 adders
  A shadow imp (D:6)
  2 white imps (D:6)
  An ufetubus (D:5)
  An ooze (D:7)
  2 dart slugs
  5 leopard geckos
  11 orcs
  6 bats
  2 giant cockroaches
  13 hobgoblins
  6 jackals
  3 quokkas
  3 ball pythons
  5 frilled lizards
  11 goblins
  A jackal zombie (D:5)
  8 kobolds
  6 rats
148 creatures vanquished.

Vanquished Creatures (others)
  10 plants
10 creatures vanquished.

Grand Total: 158 creatures vanquished

Notes
Turn   | Place    | Note
-------+----------+-------------------------------------------
     0 | D:1      | hawla the Draconian Conjurer began the quest for the Orb.
     0 | D:1      | Reached XP level 1. HP: 14/14 MP: 3/3
   360 | D:1      | Reached XP level 2. HP: 11/22 MP: 0/5
   623 | D:1      | Learned a level 2 spell: Searing Ray
   644 | D:1      | Reached skill level 1 in Fighting
   885 | D:2      | Noticed Jessica
   894 | D:2      | Killed Jessica
   895 | D:2      | Reached skill level 1 in Evocations
   895 | D:2      | Reached XP level 3. HP: 27/28 MP: 0/6
  1119 | D:2      | Noticed Robin
  1128 | D:2      | Killed Robin
  1129 | D:2      | Reached skill level 1 in Staves
  1129 | D:2      | Reached skill level 1 in Shields
  1129 | D:2      | Reached XP level 4. HP: 34/35 MP: 1/7
  1132 | D:2      | Reached skill level 1 in Throwing
  1229 | D:1      | Learned a level 4 spell: Iskenderun's Mystic Blast
  1497 | D:2      | Noticed Terence
  1501 | D:2      | Killed Terence
  2074 | D:3      | Reached XP level 5. HP: 40/40 MP: 7/9
  2448 | D:3      | Reached skill level 1 in Translocations
  2927 | D:4      | Found Weuxt's Weapon Shop.
  2984 | D:4      | Found Omoroal's Jewellery Shop.
  3136 | D:4      | Found Avibis's Armour Boutique.
  3150 | D:4      | Noticed Menkaure
  3157 | D:4      | Killed Menkaure
  3158 | D:4      | Reached skill level 5 in Conjurations
  3158 | D:4      | Reached XP level 6. HP: 47/47 MP: 2/11
  3229 | D:4      | Found Edulea's Magic Scroll Emporium.
  3277 | D:4      | Found Apsivuul's Jewellery Emporium.
  3381 | D:4      | Noticed Natasha
  3386 | D:4      | Killed Natasha
  3717 | D:4      | Noticed Ijyb
  3727 | D:4      | Killed Ijyb
  4022 | D:4      | Noticed Natasha
  4025 | D:4      | Killed Natasha
  4104 | D:4      | Your scales start taking on a glossy black colour.
  4104 | D:4      | Reached XP level 7. HP: 35/52 MP: 1/13
  4104 | D:4      | Gained mutation: You are resistant to electric shocks.
                  | (rElec) [Black Draconian growth]
  4325 | D:4      | Noticed Natasha
  4329 | D:4      | Killed Natasha
  4490 | D:5      | Entered Level 5 of the Dungeon
  4855 | D:5      | Reached skill level 6 in Conjurations
  4855 | D:5      | Reached skill level 1 in Transmutations
  4855 | D:5      | Reached skill level 1 in Air Magic
  5231 | D:5      | Noticed Sigmund
  5245 | D:5      | Killed Sigmund
  5246 | D:5      | Reached skill level 5 in Spellcasting
  5246 | D:5      | Reached XP level 8. HP: 40/59 MP: 7/15
  6132 | D:6      | Reached skill level 7 in Conjurations
  6627 | D:6      | Noticed Grinder
  6632 | D:6      | Paralysed by Grinder for 4 turns
  6639 | D:6      | Killed Grinder
  6813 | D:6      | Found a staircase to the Ecumenical Temple.
  6840 | Temple   | Entered the Ecumenical Temple
  6954 | Temple   | Became a worshipper of Gozag Ym Sagoz the Greedy
  7187 | D:7      | Reached XP level 9. HP: 64/64 MP: 6/18
  7408 | D:7      | Reached skill level 8 in Conjurations
  7623 | D:7      | You fall into a shaft and drop 2 floors!
  7623 | D:9      | Found a staircase to the Orcish Mines.
  7635 | D:9      | Slain by a warg

Illustrated notes

Levels and vault maps discovered:
D:1:      matt_arrival_grand_opening, layout_basic, serial_bayou_pond_c,
          hangedman_decor_growths, hangedman_decor_push
D:2:      layout_loops_ring, uniq_terence, uniq_robin, uniq_jessica
D:3:      layout_loops_ring, st_stairs_8
D:4:      layout_layer_cave, serial_shops, shop, shop, shop_statue, shop, shop,
          minmay_quantized, uniq_ijyb, uniq_menkaure, uniq_natasha
D:5:      layout_rooms, chequers_serial_rivers_large_b, mrwooster_statue_mirror,
          uniq_sigmund
D:6:      layout_loops_ring, minmay_temple_entry_overgrown, uniq_grinder
D:7:      layout_loops_cross, minitemple
D:9:      layout_layer_cave, minmay_orc_entry_guard_dogs
Temple:   compressed_dpeg_circular_temple

Skill      XL: |  1  2  3  4  5  6  7  8  9 |
---------------+----------------------------+-----
Fighting       | 1 |  1.0
Evocations     | 1 2 |  2.0
Staves         | 1 2 3 4 |  4.7
Shields        | 1 |  1.0
Throwing       | 1 |  1.0
Translocations | 2 |  2.0
Spellcasting   | 3 4 5 6 |  6.9
Conjurations   | 5 6 7 8 |  8.2
Transmutations | 1 |  1.0
Air Magic      | 2 4 |  4.6
Dodging        | |  1.7
Stealth        | |  1.7

Action                   |  1- 3 |  4- 6 |  7- 9 || total
-------------------------+-------+-------+-------++-------
Melee: Unarmed           |    11 |       |       ||    11
       Tailslap          |     2 |       |    12 ||    14
       Mace              |    20 |    43 |   120 ||   183
 Cast: Magic Dart        |    23 |    28 |    22 ||    73
       Searing Ray       |     6 |    24 |    34 ||    64
       Iskenderun's Myst |       |     3 |    14 ||    17
  Use: Scroll            |     2 |     8 |     9 ||    19
       Potion            |       |       |     1 ||     1
 Stab: Distracted        |       |       |     1 ||     1
Armor: Skin              |     7 |    26 |    73 ||   106
Dodge: Dodged            |    22 |    49 |   141 ||   212
